 Dungeon Crawl Stone Soup version 0.28.0-43-g3370ac3207 (webtiles) character file.

Game seed: 7220386030827437353

1436 issech the Cudgeller (level 8, -1/79 HPs)
             Began as a Troll Monk on Mar 26, 2022.
             Slain by a two-headed ogre
             ... wielding a +0 giant spiked club
              (27 damage)
             ... on level 4 of the Dungeon.
             The game lasted 00:11:12 (2952 turns).

issech the Cudgeller (Troll Monk)                   Turns: 2952, Time: 00:11:12

Health: -1/79      AC:  6    Str: 20    XL:     8   Next: 45%
Magic:  7/7        EV: 11    Int:  6    God:
Gold:   156        SH:  0    Dex: 14    Spells: 7/7 levels left

rFire   . . .      SeeInvis .   r - +1 flail (vorpal)
rCold   . . .      Faith    .   (no shield)
rNeg    . . .      Spirit   .   h - +2 robe {Will+}
rPois   .          Reflect  .   (helmet restricted)
rElec   .          Harm     .   (no cloak)
rCorr   .          Rampage  .   (gloves unavailable)
Will    ++...                   (boots unavailable)
Stlth   ++........              (no amulet)
HPRegen 1.03/turn               k - ring of willpower
MPRegen 0.10/turn               (no ring)

@: no status effects
A: large, unfitting armour, claws 3, regeneration 1, shaggy fur 1, tough skin 1
a: no special abilities


You were on level 4 of the Dungeon.
You visited 1 branch of the dungeon, and saw 5 of its levels.

You collected 156 gold pieces.

Inventory:

Hand Weapons
 a - a +0 mace
 r - a +1 vorpal flail (weapon)
 t - a +0 giant spiked club
 u - a +0 giant club
Missiles
 d - 98 stones (quivered)
 e - 40 bolts
 m - 28 sling bullets
 p - 16 arrows
 v - 2 throwing nets
Armour
 b - a +0 robe
 h - a +2 robe of willpower (worn)
Jewellery
 k - a ring of willpower (left claw)
Scrolls
 f - 2 scrolls of teleportation {unknown}
 g - 2 scrolls of identify {unknown}
 l - a scroll of noise {unknown}
 n - a scroll of summoning {unknown}
 q - a scroll of blinking {unknown}
Potions
 c - a potion of cancellation {unknown}
 i - a potion of might {unknown}
 j - 2 potions of degeneration {unknown}
 o - 2 potions of attraction {unknown}
 s - a potion of berserk rage {unknown}


   Skills:
 + Level 4.6 Fighting
 + Level 7.3 Maces & Flails
 + Level 5.1 Dodging
 + Level 1.3 Stealth


You had 7 spell levels left.
You didn't know any spells.
Your spell library was empty.

Dungeon Overview and Level Annotations

Branches:
Dungeon (5/15)
 Temple: D:4-7

Altars:
Nemelex Xobeh

Shops:
D:5 *


Innate Abilities, Weirdness & Mutations

You are too large for most types of armour.
You have claws for hands.
Your natural rate of healing is unusually fast.
You are covered in fur. (AC +1)
You have tough skin. (AC +1)


Message History

You hit the phantom but do no damage.
The phantom is severely damaged.
The phantom hits you but does no damage.
The gnoll misses you.
You closely miss the gnoll. The gnoll barely misses you.
The gnoll closely misses you.
You barely miss the gnoll. The gnoll closely misses you.
The gnoll is no longer moving quickly.
The two-headed ogre closely misses you. x2
There is an open door here.
Things that are here:
a +0 ring mail; a +0 trident
There is a stone staircase leading up, spattered with blood here.
The two-headed ogre hits you with a +0 giant spiked club!!
The two-headed ogre hits you with a +0 giant club!
The gnoll hits you with a +0 flail!
The phantom hits you but does no damage.
Throw: 100 stones
Press: ? - help, Q - select action, (/) - cycle Shift-Dir - straight line, f - phantom
Aim: a phantom (heavily damaged, 50% to hit)
You throw a stone. The stone hits the phantom.
The phantom is heavily damaged.
Throw: 99 stones
Press: ? - help, Q - select action, (/) - cycle Shift-Dir - straight line, f/p - phantom
Aim: a phantom (heavily damaged, 50% to hit)
You throw a stone. The stone hits the gnoll.
The gnoll is lightly wounded.
There is an open door here.
You completely miss the two-headed ogre.
The two-headed ogre hits you with a +0 giant spiked club!
The two-headed ogre hits you with a +0 giant club!
You barely miss the two-headed ogre. The two-headed ogre barely misses you.
The two-headed ogre hits you with a +0 giant club!!
The two-headed ogre hits you with a +0 giant spiked club!!
The two-headed ogre hits you with a +0 giant club!
* * * LOW HITPOINT WARNING * * *
There is an open door, spattered with blood here.
The two-headed ogre hits you with a +0 giant spiked club!
The two-headed ogre hits you with a +0 giant club!!
You die...

####### ################ ####
......# #..............# #...
......# #..............# #...
......# #.....@O.......# #...
>.....# #........W.....# #...
......# #..............# #...
####..# #..............#####...
......# ###........g...........
......# #....................
......# #....................
##....# #....................
##....#######....................


You could see a two-headed ogre, a phantom and a gnoll.

Vanquished Creatures
  Grinder (D:4)
  The ghost of tizbic2 the Grasshopper, an amateur DrWr (D:4)
  A water moccasin (D:5)
  A necrophage (D:5)
  2 ogres (D:5)
  A phantom (D:4)
  A gnoll sergeant (D:4)
  3 scorpions
  A bullfrog zombie (D:5)
  A hound (D:5)
  A jelly (D:5)
  A centaur skeleton (D:4)
  2 iguanas
  3 orc wizards
  A hound zombie (D:5)
  7 gnolls
  5 adders
  A shadow imp (D:5)
  2 ufetubi (D:5)
  An adder skeleton (D:4)
  A worm (D:4)
  2 dart slugs (D:1)
  8 orcs (D:4)
  4 endoplasms
  2 giant cockroaches
  4 goblins
  2 jackals (D:4)
  2 ball pythons
  A bat (D:1)
  A frilled lizard (D:1)
  3 kobolds
67 creatures vanquished.

Notes
Turn   | Place    | Note
-------+----------+-------------------------------------------
     0 | D:1      | issech the Troll Monk began the quest for the Orb.
     0 | D:1      | Reached XP level 1. HP: 22/22 MP: 0/0
   349 | D:1      | Reached XP level 2. HP: 28/29 MP: 1/1
   487 | D:1      | Reached skill level 3 in Maces & Flails
   772 | D:2      | Found a sparkling altar of Nemelex Xobeh.
   869 | D:2      | You fall into a shaft and drop 2 floors!
   872 | D:4      | Reached XP level 3. HP: 36/36 MP: 2/2
  1013 | D:4      | Reached XP level 4. HP: 24/45 MP: 3/3
  1393 | D:4      | Found a runed translucent door.
  1423 | D:4      | Noticed tizbic2's ghost (amateur DrWr)
  1455 | D:4      | Reached XP level 5. HP: 51/53 MP: 4/4
  1495 | D:4      | Reached skill level 4 in Maces & Flails
  1783 | D:4      | Noticed a phantom
  1793 | D:4      | Killed a phantom
  1794 | D:4      | Reached XP level 6. HP: 54/61 MP: 5/5
  1914 | D:3      | Reached skill level 5 in Maces & Flails
  2139 | D:4      | Killed tizbic2's ghost
  2140 | D:4      | Reached XP level 7. HP: 60/68 MP: 6/6
  2181 | D:5      | Entered Level 5 of the Dungeon
  2247 | D:5      | Reached skill level 6 in Maces & Flails
  2534 | D:5      | Reached XP level 8. HP: 73/78 MP: 7/7
  2589 | D:5      | Noticed Grinder
  2704 | D:4      | Killed Grinder
  2705 | D:4      | Reached skill level 7 in Maces & Flails
  2705 | D:4      | Reached skill level 5 in Dodging
  2803 | D:5      | Found Femuwy's Assorted Antiques.
  2821 | D:5      | Noticed a two-headed ogre
  2952 | D:4      | Slain by a two-headed ogre

Illustrated notes

Levels and vault maps discovered:
D:1:      minmay_arrival_three_doors, layout_loops_ring
D:2:      layout_rooms, basic_altar
D:3:      corexii_shack_village, layout_loops_ring, serial_shops,
          nicolae_shop_stone
D:4:      layout_gridville, ebering_ghost_reflecting_pool,
          kennysheep_generic_room_16
D:5:      minmay_recursive_quarters, layout_loops_ring, jmf_multi_god_temple,
          serial_shops, nicolae_diamond_shop, dk_noncrumbling_2, uniq_grinder

Skill      XL: |  1  2  3  4  5  6  7  8 |
---------------+-------------------------+-----
Maces & Flails | 3 4 5 6 7 |  7.3
Fighting       | 3 4 |  4.6
Dodging        | 3 4 5 |  5.1
Stealth        | |  1.3

Action                   |  1- 3 |  4- 6 |  7- 9 || total
-------------------------+-------+-------+-------++-------
Melee: Mace              |    86 |   110 |       ||   196
       Punch             |     1 |       |     2 ||     3
       Flail             |       |    79 |   117 ||   196
Throw: Stone             |       |       |     2 ||     2
 Stab: Sleeping          |     1 |       |       ||     1
Armor: Robe              |    49 |    67 |    44 ||   160
Dodge: Dodged            |    44 |   124 |    75 ||   243
